 Dungeon Crawl Stone Soup version 0.18.1-50-g88ac8fd (webtiles) character file.

424 Nordron the Changer (level 6, -5/43 HPs)
             Began as an Octopode Transmuter on Sept 24, 2016.
             Killed from afar by Dowan (13 damage)
             ... with a stone arrow
             ... on level 4 of the Dungeon.
             The game lasted 00:16:20 (3438 turns).

Nordron the Changer (Octopode Transmuter)           Turns: 3438, Time: 00:16:21

Health: -5/43      AC:  2    Str:  9    XL:     6   Next: 96%
Magic:  8/9        EV: 20    Int: 15    God:
Gold:   273        SH:  0    Dex: 20    Spells: 2 memorised, 5 levels left

rFire  + . .     SeeInvis .       - Unarmed
rCold  . . .     Gourm    .     (shield currently unavailable)
rNeg   + . .     Faith    .     (helmet currently unavailable)
rPois  x         Spirit   .     m - amulet of regeneration
rElec  .         Dismiss  .     f - ring of protection from fire
rCorr  .         Reflect  .     p - ring of positive energy
SustAt .         Harm     .     (no ring)
MR     .....                    (no ring)
Stlth  ++........               (no ring)
                                (no ring)
                                (no ring)
                                (no ring)

@: spider-form (expiring), not resistant to hostile enchantments, unstealthy
A: almost no armour, (amphibious), 8 rings, (constrict 8), (camouflage 0),
(gelatinous body 0)
a: End Transformation


You were on level 4 of the Dungeon.
You were hungry.
You were a venomous arachnid creature.
You visited 1 branch of the dungeon, and saw 4 of its levels.

You collected 273 gold pieces.

Inventory:

Hand Weapons
 x - a +0 flail of holy wrath (melded)
Missiles
 a - 51 arrows
Jewellery
 f - a ring of protection from fire (left front leg)
 m - an amulet of regeneration (around neck)
 p - a ring of positive energy (right front leg)
Wands
 y - a wand of digging (0/24)
Scrolls
 d - 2 scrolls of recharging {unknown}
 h - 4 scrolls of enchant armour {unknown}
 i - 9 scrolls of identify
 l - a scroll of immolation {unknown}
 n - a scroll of noise {unknown}
 q - 4 scrolls of remove curse {unknown}
Potions
 e - 2 potions of mutation {unknown}
 g - a potion of magic {unknown}
 j - 2 potions of heal wounds
 k - a potion of haste {unknown}
 r - 3 potions of curing
 t - a potion of berserk rage {unknown}
 u - a potion of brilliance {unknown}
 v - a potion of might {unknown}
 w - a potion of lignification {unknown}
 z - a potion of flight {unknown}
Books
 b - a book of Changes

   Spells                             Type                      Level
   a - Beastly Appendage              Transmutation                1
   b - Sticks to Snakes               Transmutation                2
   c - Spider Form                    Transmutation/Poison         3
   d - Ice Form                       Ice/Transmutation            4
   e - Blade Hands                    Transmutation                5
Comestibles
 c - 5 bread rations
 o - 3 meat rations
 A - a beef jerky


   Skills:
 + Level 4.2 Fighting
 - Level 2.0 Dodging
 - Level 3.0 Unarmed Combat
 - Level 2.0 Spellcasting
 * Level 5.8 Transmutations


You had 5 spell levels left.
You knew the following spells:

 Your Spells              Type           Power        Failure   Level  Hunger
a - Beastly Appendage     Trmt           ###...       8%          1    #......
b - Spider Form           Trmt/Pois      ##........   45%         3    ###....


Dungeon Overview and Level Annotations

Branches:
Dungeon (4/15)
 Temple: D:4-7

Altars:
Gozag
Ru
Vehumet
Yredelemnul
The Shining One

Annotations:
D:4 Dowan


Innate Abilities, Weirdness & Mutations

You cannot wear most types of armour.
((You are amphibious.))
You can wear up to eight rings at the same time.
((You can use your tentacles to constrict eight enemies at once.))
((Your skin changes colour to match your surroundings (Stealth).))
((Your rubbery body absorbs attacks (AC +1).))


Message History

Duvessa is severely wounded.
Duvessa hits you with a short sword.
Your transformation is almost over.
You hit Duvessa.
Duvessa is almost dead.
Duvessa hits you with a short sword!
* * * LOW HITPOINT WARNING * * *
You barely miss Duvessa.
Duvessa is almost dead.
You kill Duvessa!
Dowan screams, "No!
No!"
Dowan seems to find hidden reserves of power!
Your Fighting skill increases to level 4!
You closely miss Dowan. Dowan gestures at you while chanting.
The stone arrow misses you.
You hit Dowan but do no damage.
Dowan is poisoned.
Dowan misses you.
Dowan points at you and mumbles some strange words.
The stone arrow hits you!
You die...

...)##........###.........###
....))..........>......####
#.###.)..####..#.#######
..#.....## ##.#.# #.#....##
#...# [.#....## ##..#
#.#.....# #..#
..#....#########.## #.#....#
#......s.# #.#....#
#......e.## ..#....#
#.........# .#.....#
#.........# #......#
#.........## ......##
#########..# ......### ##.#
........# ######.## (##.#...#
.........#####


You could see Dowan.

Vanquished Creatures
  Duvessa (D:4)
  An iguana (D:4)
  Natasha (thrice) (D:2)
  2 worker ants (D:4)
  A hound skeleton (D:4)
  Robin (D:4)
  6 adders
  A howler monkey skeleton (D:4)
  2 oozes
  A worm (D:4)
  A dart slug (D:1)
  3 giant geckos
  2 orcs (D:4)
  6 bats
  5 giant cockroaches
  15 goblins
  5 hobgoblins
  3 quokkas
  A giant gecko skeleton (D:4)
  6 giant newts
  6 kobolds
  7 rats
79 creatures vanquished.

Notes
Turn   | Place    | Note
--------------------------------------------------------------
     0 | D:1      | Nordron the Octopode Transmuter began the quest for the Orb.
     0 | D:1      | Reached XP level 1. HP: 13/13 MP: 3/3
   166 | D:1      | Reached XP level 2. HP: 18/18 MP: 1/5
   656 | D:2      | Reached skill level 3 in Transmutations
   656 | D:2      | Reached XP level 3. HP: 20/24 MP: 4/6
  1158 | D:2      | You fall through a shaft!
  1162 | D:3      | Found an opulent altar of Gozag.
  1640 | D:2      | Reached XP level 4. HP: 11/30 MP: 7/7
  1917 | D:2      | Noticed Natasha
  1922 | D:2      | Killed Natasha
  2009 | D:2      | Noticed Natasha
  2016 | D:2      | Killed Natasha
  2016 | D:2      | Reached skill level 4 in Transmutations
  2016 | D:2      | Reached XP level 5. HP: 17/36 MP: 8/8
  2208 | D:2      | Noticed Natasha
  2217 | D:2      | Killed Natasha
  2524 | D:3      | Learned a level 3 spell: Spider Form
  2571 | D:3      | Found a faded altar to an unknown god.
  2823 | D:4      | Noticed Duvessa
  2832 | D:4      | Noticed Dowan
  2866 | D:4      | Reached XP level 6. HP: 42/42 MP: 7/9
  2891 | D:4      | Got a warped plate armour
  2940 | D:4      | Reached skill level 5 in Transmutations
  2947 | D:4      | Found a sacrificial altar of Ru.
  3039 | D:4      | Found a radiant altar of Vehumet.
  3041 | D:4      | Found a basalt altar of Yredelemnul.
  3042 | D:4      | Found a glowing golden altar of the Shining One.
  3044 | D:4      | Noticed Robin
  3098 | D:4      | Killed Robin
  3436 | D:4      | Killed Duvessa
  3438 | D:4      | Killed from afar by Dowan

Skill      XL: |  1  2  3  4  5  6 |
---------------+-------------------+-----
Transmutations | 3 4 5 |  5.8
Fighting       | 2 3 4 |  4.2
Dodging        | |  2.0
Unarmed Combat | |  3.0
Spellcasting   | |  2.0

Action                   |  1- 3 |  4- 6 || total
-------------------------+-------+-------++-------
Melee: Unarmed           |    11 |    16 ||    27
       Constrict         |    25 |    26 ||    51
       Tentacles         |    11 |    19 ||    30
       Kick              |    21 |    21 ||    42
       Spear             |    73 |    72 ||   145
       Punch             |     2 |     3 ||     5
       Flail             |       |    42 ||    42
 Cast: Beastly Appendage |    26 |    23 ||    49
       Spider Form       |       |     2 ||     2
  Use: Potion            |     1 |       ||     1
       Scroll            |       |     1 ||     1
 Stab: Sleeping          |     4 |     3 ||     7
  Eat: Chunk             |     3 |     6 ||     9
Armor: Skin              |     2 |     3 ||     5
Dodge: Dodged            |    46 |    74 ||   120
